 Dungeon Crawl Stone Soup version 0.31-a0-656-gb4d89c20fa (webtiles) character file.

Game seed: 13324959911650919105

23 Maratek the Chopper (level 2, 27/27 HPs)
             Began as a Hill Orc Monk on Aug 30, 2023.
             Quit the game on level 1 of the Dungeon.
             The game lasted 00:01:13 (665 turns).

Maratek the Chopper (Hill Orc Monk)                  Turns: 665, Time: 00:01:14

Health: 27/27      AC:  3    Str: 13    XL:     2   Next: 95%
Magic:  2/2        EV: 12    Int: 10    God:
Gold:   17         SH:  0    Dex: 13    Spells: 1/1 levels left

rFire   . . .        a - +0 hand axe
rCold   . . .        d - orb {light}
rNeg    . . .        b - +0 robe
rPois   .            (no helmet)
rElec   .            h - +0 cloak
rCorr   .            (no gloves)
SInv    .            (no boots)
Will    .....        e - amulet of regeneration
Stlth   +            (no ring)
HPRegen 1.04/turn    (no ring)
MPRegen 0.08/turn

%: no passive effects
@: glowing
A: no striking features
a: no special abilities


You were on level 1 of the Dungeon.
You visited 1 branch of the dungeon, and saw 1 of its levels.

You collected 17 gold pieces.

Inventory:

Hand Weapons
 a - a +0 hand axe (weapon)
Armour
 b - a +0 robe (worn)
 d - an orb of light (worn)
 h - a +0 cloak (worn)
Jewellery
 e - an amulet of regeneration (around neck)
Scrolls
 f - a scroll of brand weapon {unknown}
Potions
 c - a potion of ambrosia
 g - a potion of heal wounds {unknown}


   Skills:
 + Level 4.0 Fighting
 + Level 4.5 Axes
 + Level 2.8 Dodging


You had one spell level left.
You didn't know any spells.
Your spell library was empty.

Dungeon Overview and Level Annotations

Branches:
Dungeon (1/15)

Altars:


Message History

Found a stone staircase leading down.
There is a stone staircase leading down here.
Found a cloak.
A rat comes into view.
A rat is nearby!
A rat is nearby!
The rat closely misses you.
You see here a +0 cloak.
You hit the rat.
You kill the rat!
No target in view!
You see here a +0 cloak.
h - a +0 cloak You start putting on your armour.
You continue putting on your +0 cloak. x4
You finish putting on your +0 cloak.
Your library has no spells.
A quokka comes into view.
You hit the quokka.
The quokka is almost dead.
The quokka closely misses you.
You hit the quokka.
You kill the quokka!
No target in view!
You see here a quokka corpse.
A ball python comes into view.
A ball python is nearby!
A ball python is nearby!
You hit the ball python.
The ball python is severely wounded.
The ball python bites you. The ball python grabs you.
The ball python constricts you.
You hit the ball python.
You kill the ball python!
No target in view!
No target in view!
Done exploring.
Your library has no spells.
Unknown command.
Unknown command.
Are you sure you want to abandon this character and quit the game? (Confirm with "yes".)

.................#
......##########.#
......# #.#
......# #.#
##.##.# #.# #.##.#
#.# ##.##.# #.#
##.##.##########.#
................@#
#####.############
......# #######


There were no monsters in sight!

Vanquished Creatures
  2 dart slugs (D:1)
  A giant cockroach (D:1)
  2 goblins (D:1)
  2 hobgoblins (D:1)
  2 quokkas (D:1)
  A ball python (D:1)
  4 bats (D:1)
  3 frilled lizards (D:1)
  A kobold (D:1)
  2 rats (D:1)
20 creatures vanquished.

Notes
Turn   | Place    | Note
-------+----------+-------------------------------------------
     0 | D:1      | Maratek the Hill Orc Monk began the quest for the Orb.
     0 | D:1      | Reached XP level 1. HP: 19/19 MP: 1/1
   174 | D:1      | Reached XP level 2. HP: 27/27 MP: 2/2
   665 | D:1      | Quit the game

Illustrated notes

Levels and vault maps discovered:
D:1:      nzn_arrival_settlement, layout_loops_ring

Skill      XL: |  1  2 |
---------------+-------+-----
Fighting       | 4 |  4.0
Axes           | |  4.5
Dodging        | |  2.8

Action                     || total
---------------------------++-------
  Melee: Hand axe          ||    44
 Armour: Robe              ||    12
  Dodge: Dodged            ||    25

Table legend: (Time is in decaauts)
 A = Elapsed time spent in this place.
 B = Non-inter-level travel time spent in this place.
 C = Inter-level travel time spent in this place.
 D = Time resting spent in this place.
 E = Time spent auto-exploring this place.
 F = Levels seen in this place.
 G = Mean time per level.
                   A        B        C        D        E       F      G
               +--------+--------+--------+--------+--------+-----+--------+
         Total |    669 |    669 |      0 |      0 |    548 |   1 |  669.0 |
       Dungeon |    669 |    669 |      0 |      0 |    548 |   1 |  669.0 |
               +--------+--------+--------+--------+--------+-----+--------+

Top non-repeatable levels by time:
     D:1: 669 daAuts
